[ AOE2 MATCH · #480555135 ]
UnrankedJurchens vs Mongols
Player's team · WIN
Rival team · LOSS
[ REPLAY ANALYSIS · EXTRACTED FROM THE RECORDED GAME ]
Feudal
8:34
Castle
—
Imperial
—
| APM avg | 83.9 |
| APM peak | 118 |
| eAPM avg | 25.0 |
| Villagers / military | 38 / 17 |
Focus
⚔️ 28.1% · 🌾 71.9%
Scout Cavalry ×16 · Spearman ×1
Feudal
7:11
Castle
—
Imperial
—
| APM avg | 66.1 |
| APM peak | 97 |
| eAPM avg | 22.0 |
| Villagers / military | 37 / 14 |
Focus
⚔️ 37.2% · 🌾 62.8%
Scout Cavalry ×8 · Spearman ×6
Match map
Initial resources + every placement click. Lines = walls · curves = elevation contours. ◆ gold · ⬟ stone · ● berries · ✦ relic · ◌ wall gap
Your base· Open — unwalled flank
Coco Bongo's base· Open — unwalled flank
Smoothed initial terrain · ◌ = detected wall gap · hover for details
Inputs per minute
— Obsidian - - Coco Bongo
Build order — Obsidian
103 actions detected in the replay
| 0:00 | Create | Villager (Male) |
| 0:00 | Create | Villager (Male) |
| 0:01 | Build | House |
| 0:02 | Build | House |
| 0:14 | Create | Villager (Male) |
| 0:14 | Create | Villager (Male) |
| 1:38 | Create | Villager (Male) |
| 2:11 | Create | Villager (Male) |
| 2:35 | Create | Villager (Male) |
| 2:46 | Build | Mill |
| 2:53 | Create | Villager (Male) |
| 3:20 | Build | House |
| 3:29 | Create | Villager (Male) |
| 3:29 | Create | Villager (Male) |
| 4:03 | Create | Villager (Male) |
| 4:24 | Create | Villager (Male) |
| 4:43 | Create | Villager (Male) |
| 5:13 | Create | Villager (Male) |
| 5:35 | Build | Lumber Camp |
| 5:52 | Create | Villager (Male) |
| 5:56 | Research | Loom |
| 6:23 | Research | Feudal Age |
| 7:02 | Create | Villager (Male) |
| 7:13 | Build | Barracks |
| 7:46 | Create | Villager (Male) |
| 7:56 | Build | House |
| 8:34 | Age | Feudal Age |
| 8:36 | Build | Stable |
| 8:37 | Create | Villager (Male) |
| 8:38 | Create | Spearman |
| 8:44 | Research | Double-Bit Axe |
| 9:20 | Create | Scout Cavalry |
| 9:26 | Build | Mill |
| 9:39 | Build | Palisade Wall |
| 9:40 | Build | Palisade Wall |
| 9:43 | Build | Palisade Wall |
| 9:46 | Build | Palisade Wall |
| 9:48 | Create | Villager (Male) |
| 9:58 | Create | Scout Cavalry |
| 10:10 | Create | Villager (Male) |
| 10:13 | Build | Farm |
| 10:15 | Build | Farm |
| 10:16 | Build | Farm |
| 10:25 | Build | House |
| 10:33 | Build | House |
| 10:35 | Build | Palisade Wall |
| 10:36 | Build | Palisade Wall |
| 10:47 | Build | Farm |
| 10:57 | Build | Farm |
| 11:06 | Create | Villager (Male) |
| 11:08 | Create | Scout Cavalry |
| 11:16 | Build | House |
| 11:30 | Create | Villager (Male) |
| 11:33 | Build | Farm |
| 11:42 | Create | Scout Cavalry |
| 12:02 | Create | Villager (Male) |
| 12:05 | Build | Farm |
| 12:07 | Build | Farm |
| 12:26 | Create | Scout Cavalry |
| 12:26 | Create | Villager (Male) |
| 12:29 | Build | Farm |
| 12:46 | Create | Villager (Male) |
| 13:00 | Build | Farm |
| 13:01 | Build | Farm |
| 13:05 | Create | Scout Cavalry |
| 13:20 | Create | Scout Cavalry |
| 13:23 | Build | Farm |
| 13:28 | Create | Villager (Male) |
| 13:50 | Create | Scout Cavalry |
| 13:59 | Create | Villager (Male) |
| 14:11 | Create | Scout Cavalry |
| 14:17 | Build | Farm |
| 14:23 | Build | Blacksmith |
| 14:25 | Create | Villager (Male) |
| 14:28 | Build | House |
| 14:47 | Create | Scout Cavalry |
| 14:52 | Create | Villager (Male) |
| 14:57 | Build | House |
| 15:05 | Create | Villager (Male) |
| 15:22 | Create | Scout Cavalry |
| 15:26 | Build | Farm |
| 15:28 | Build | Farm |
| 15:32 | Build | Farm |
| 15:43 | Research | Bloodlines |
| 15:45 | Create | Villager (Male) |
| 15:52 | Create | Scout Cavalry |
| 16:03 | Create | Scout Cavalry |
| 16:06 | Build | Farm |
| 16:35 | Research | Forging |
| 16:42 | Create | Villager (Male) |
| 16:53 | Create | Scout Cavalry |
| 16:58 | Create | Villager (Male) |
| 17:01 | Build | Farm |
| 17:03 | Build | Farm |
| 17:14 | Create | Scout Cavalry |
| 17:27 | Create | Scout Cavalry |
| 17:31 | Build | Stable |
| 17:42 | Create | Villager (Male) |
| 17:43 | Create | Villager (Male) |
| 17:47 | Create | Villager (Male) |
| 17:48 | Build | Farm |
| 18:00 | Create | Villager (Male) |
| 18:08 | Create | Villager (Male) |
Build order — Coco Bongo
108 actions detected in the replay
| 0:01 | Create | Villager (Male) |
| 0:01 | Create | Villager (Male) |
| 0:02 | Build | House |
| 0:03 | Build | House |
| 0:17 | Create | Villager (Male) |
| 0:32 | Build | Mill |
| 0:36 | Create | Villager (Male) |
| 1:34 | Create | Villager (Male) |
| 1:57 | Create | Villager (Male) |
| 2:25 | Create | Villager (Male) |
| 2:30 | Create | Villager (Male) |
| 2:57 | Create | Villager (Male) |
| 3:24 | Create | Villager (Male) |
| 3:26 | Build | House |
| 3:35 | Create | Villager (Male) |
| 3:55 | Research | Loom |
| 4:04 | Build | Lumber Camp |
| 5:01 | Research | Feudal Age |
| 5:56 | Build | Barracks |
| 6:43 | Build | House |
| 6:55 | Create | Villager (Male) |
| 7:11 | Age | Feudal Age |
| 7:16 | Build | Stable |
| 7:31 | Create | Villager (Male) |
| 7:49 | Build | House |
| 7:53 | Create | Villager (Male) |
| 7:54 | Create | Scout Cavalry |
| 8:02 | Create | Scout Cavalry |
| 8:15 | Build | House |
| 8:18 | Create | Villager (Male) |
| 8:26 | Build | Mill |
| 8:39 | Create | Scout Cavalry |
| 8:42 | Create | Villager (Male) |
| 9:15 | Create | Villager (Male) |
| 9:21 | Build | House |
| 9:25 | Build | Farm |
| 9:31 | Build | Farm |
| 9:41 | Build | Palisade Wall |
| 9:42 | Create | Villager (Male) |
| 9:52 | Create | Spearman |
| 9:55 | Build | Palisade Wall |
| 9:58 | Create | Villager (Male) |
| 10:22 | Build | Farm |
| 10:28 | Create | Scout Cavalry |
| 10:32 | Create | Villager (Male) |
| 10:34 | Build | Farm |
| 11:02 | Create | Villager (Male) |
| 11:06 | Build | Palisade Wall |
| 11:13 | Build | Farm |
| 11:23 | Build | Palisade Wall |
| 11:27 | Create | Villager (Male) |
| 11:43 | Build | Farm |
| 11:44 | Build | Farm |
| 11:53 | Create | Villager (Male) |
| 12:05 | Build | Farm |
| 12:07 | Build | House |
| 12:12 | Create | Villager (Male) |
| 12:15 | Build | Palisade Wall |
| 12:28 | Research | Double-Bit Axe |
| 12:44 | Create | Villager (Male) |
| 13:00 | Build | Palisade Wall |
| 13:02 | Build | Palisade Wall |
| 13:05 | Build | Palisade Wall |
| 13:09 | Create | Villager (Male) |
| 13:14 | Build | House |
| 13:16 | Build | Palisade Wall |
| 13:27 | Create | Spearman |
| 13:33 | Create | Villager (Male) |
| 13:47 | Create | Scout Cavalry |
| 13:48 | Create | Villager (Male) |
| 13:52 | Build | Mining Camp |
| 14:06 | Build | Palisade Wall |
| 14:16 | Create | Villager (Male) |
| 14:23 | Build | Blacksmith |
| 14:29 | Build | Farm |
| 14:30 | Create | Villager (Male) |
| 14:51 | Create | Villager (Male) |
| 14:52 | Create | Spearman |
| 14:58 | Build | Blacksmith |
| 15:07 | Build | Palisade Wall |
| 15:16 | Create | Villager (Male) |
| 15:26 | Create | Spearman |
| 15:31 | Build | Farm |
| 15:32 | Build | Farm |
| 15:40 | Create | Spearman |
| 15:49 | Build | House |
| 15:53 | Research | Forging |
| 15:58 | Create | Villager (Male) |
| 16:17 | Create | Villager (Male) |
| 16:26 | Build | Farm |
| 16:26 | Build | Farm |
| 16:29 | Build | Palisade Wall |
| 16:37 | Create | Villager (Male) |
| 16:39 | Create | Scout Cavalry |
| 17:00 | Build | Palisade Wall |
| 17:07 | Build | House |
| 17:12 | Create | Scout Cavalry |
| 17:13 | Create | Spearman |
| 17:15 | Create | Villager (Male) |
| 17:25 | Build | House |
| 17:28 | Build | Stable |
| 17:31 | Build | Farm |
| 17:32 | Build | Farm |
| 17:37 | Research | Scale Barding Armor |
| 17:44 | Build | Farm |
| 17:47 | Create | Villager (Male) |
| 17:53 | Create | Scout Cavalry |
| 17:57 | Build | Farm |
Match timeline
| 5:56 | Coco Bongo · first_building Barracks |
| 7:11 | Coco Bongo · age_up feudal |
| 7:13 | Obsidian · first_building Barracks |
| 7:16 | Coco Bongo · first_building Stable |
| 8:34 | Obsidian · age_up feudal |
| 8:36 | Obsidian · first_building Stable |
| 9:39 | Obsidian · wall_segment Palisade Wall x1 |
| 9:40 | Obsidian · wall_segment Palisade Wall x1 |
| 9:41 | Coco Bongo · wall_segment Palisade Wall x11 |
| 9:43 | Obsidian · wall_segment Palisade Wall x1 |
| 9:46 | Obsidian · wall_segment Palisade Wall x1 |
| 9:55 | Coco Bongo · wall_segment Palisade Wall x7 |
| 10:35 | Obsidian · wall_segment Palisade Wall x1 |
| 10:36 | Obsidian · wall_segment Palisade Wall x1 |
| 11:06 | Coco Bongo · wall_segment Palisade Wall x2 |
| 11:23 | Coco Bongo · wall_segment Palisade Wall x5 |
| 12:15 | Coco Bongo · wall_segment Palisade Wall x7 |
| 13:00 | Coco Bongo · wall_segment Palisade Wall x1 |
| 13:02 | Coco Bongo · wall_segment Palisade Wall x1 |
| 13:05 | Coco Bongo · wall_segment Palisade Wall x3 |
| 13:16 | Coco Bongo · wall_segment Palisade Wall x1 |
| 14:06 | Coco Bongo · wall_segment Palisade Wall x10 |
| 15:07 | Coco Bongo · wall_segment Palisade Wall x4 |
| 16:29 | Coco Bongo · wall_segment Palisade Wall x1 |
| 17:00 | Coco Bongo · wall_segment Palisade Wall x1 |
| 18:09 | Coco Bongo · resign |
[ AI ANALYSIS · 1 CREDIT ]
What really happened in this match?
Wolo.gg analyzes every decision: build order, eco, micro, common mistakes by bracket. Personalized analysis on WhatsApp or Discord in 30 seconds.
Civ guide
Jurchens
Perfil
Jugador #24916976